 Dungeon Crawl Stone Soup version 0.30.1 (webtiles) character file.

Game seed: 10286976095762618009

55 Pepete the Chopper (level 3, -3/49 HPs)
             Began as a Minotaur Berserker on July 12, 2023.
             Was a Follower of Trog.
             Slain by a gnoll
             ... wielding a +0 halberd
              (16 damage)
             ... on level 3 of the Dungeon.
             The game lasted 00:02:10 (1901 turns).

Pepete the Chopper (Minotaur Berserker)             Turns: 1901, Time: 00:02:10

Health: -3/49      AC:  2    Str: 23    XL:     3   Next: 67%
Magic:  2/2        EV: 12    Int:  4    God:    Trog [*.....]
Gold:   100        SH:  0    Dex:  9    Spells: 2/2 levels left

rFire   . . .        a - +0 hand axe
rCold   . . .        (no shield)
rNeg    . . .        b - +0 animal skin
rPois   .            (helmet restricted)
rElec   .            (no cloak)
rCorr   .            (no gloves)
SInv    .            (no boots)
Will    .....        (no amulet) Stlth
                     (no ring)
HPRegen 0.28/turn    (no ring)
MPRegen 0.08/turn

%: no passive effects
@: berserking, very quick
A: horns 2, retaliatory headbutt
a: Renounce Religion, Berserk


You were on level 3 of the Dungeon.
You worshipped Trog.
Trog was aware of your devotion.
You visited 1 branch of the dungeon, and saw 3 of its levels.

You collected 100 gold pieces.

Inventory:

Hand Weapons
 a - a +0 hand axe (weapon)
Missiles
 d - 9 poisoned darts (quivered)
Armour
 b - a +0 animal skin (worn)
Scrolls
 f - 3 scrolls of identify {unknown}
 g - a scroll of brand weapon {unknown}
 h - 2 scrolls of teleportation {unknown}
 j - a scroll of summoning {unknown}
 l - a scroll of fear {unknown}
 m - 2 scrolls of amnesia {unknown}
 n - a scroll of enchant weapon {unknown}
Potions
 c - 3 potions of curing {unknown}
 e - a potion of haste {unknown}
 i - a potion of heal wounds {unknown}
 k - a potion of might {unknown}
 o - a potion of mutation {unknown}


   Skills:
 + Level 4.2 Fighting
 + Level 4.2 Axes
 * Level 3.9 Armour
 - Level 2.1 Dodging


You had 2 spell levels left.
You didn't know any spells.
Your spell library was empty.

Dungeon Overview and Level Annotations

Branches:
Dungeon (3/15)

Altars:

Shops:
D:2 [!


Innate Abilities, Weirdness & Mutations

You have a pair of horns on your head.
You reflexively headbutt those who attack you in melee.


Message History

A gnoll comes into view. It is wielding a +0 flail.
The gnoll shouts!
An endoplasm comes into view.
There are monsters nearby!
A gnoll comes into view. It is wielding a +0 spear.
The gnoll shouts!
You hear a shout! x2
There are monsters nearby!
A gnoll comes into view. It is wielding a +0 halberd.
The gnoll shouts!
The hobgoblin barely misses you.
There are monsters nearby!
You hit the hobgoblin.
You kill the hobgoblin!
Trog accepts your kill.
There are monsters nearby!
Found a stone staircase leading up.
The endoplasm closely misses you.
You see here a hobgoblin corpse.
There are monsters nearby!
You closely miss the gnoll. Your headbutt misses the gnoll.
You hit the endoplasm. The gnoll closely misses you.
The gnoll hits you from afar with a +0 spear!
The endoplasm hits you but does no damage.
There are monsters nearby!
You hit the endoplasm.
You kill the endoplasm!
Trog accepts your kill.
You hit the gnoll. The gnoll hits you with a +0 whip!
The gnoll hits you from afar with a +0 spear.
The gnoll barely misses you.
There are monsters nearby!
You are too injured to fight recklessly!
There are monsters nearby!
You are too injured to fight recklessly!
There are monsters nearby!
A red film seems to cover your vision as you go berserk!
You feel yourself moving faster!
You feel mighty! The gnoll hits you with a +0 flail.
* * * LOW HITPOINT WARNING * * *
The gnoll hits you from afar with a +0 halberd!
You die...

.........##.....
###..........#
...##...##..#
..## ###..##.#
.# #...# # #.#.#
#...# #...#
##@## #g# #.gg#
#..g..#
+...8....
###...###. #...#
# #...# #.<.#


You could see 4 gnolls.

Vanquished Creatures
  2 adders (D:2)
  A worm (D:2)
  A dart slug (D:1)
  2 ball pythons (D:1)
  8 endoplasms
  3 goblins
  3 hobgoblins
  3 kobolds
  3 bats
  2 frilled lizards
28 creatures vanquished.

Notes
Turn   | Place    | Note
-------+----------+-------------------------------------------
     0 | D:1      | Pepete the Minotaur Berserker began the quest for the Orb.
     0 | D:1      | Reached XP level 1. HP: 19/19 MP: 0/0
   351 | D:1      | Reached XP level 2. HP: 26/27 MP: 1/1
  1124 | D:2      | Reached XP level 3. HP: 33/33 MP: 2/2
  1293 | D:2      | Found Ecomong's Distillery.
  1851 | D:2      | Found Kutulyxu's Armour Shop.
  1901 | D:3      | Slain by a gnoll

Illustrated notes

Levels and vault maps discovered:
D:1:      erik_arrival_orb_chamber, layout_basic
D:2:      layout_rooms, serial_shops, shop, nicolae_shop_industrial_runoff
D:3:      layout_rooms, minitemple, grunt_ministairs_14, kennysheep_donut,
          amcnicky_mini_rare_corridor_liquid, kennysheep_generic_room_9

Skill      XL: |  1  2 |
---------------+-------+-----
Armour         | 3 |  3.9
Fighting       | 4 |  4.2
Axes           | 4 |  4.2
Dodging        | |  2.1

Action                     || total
---------------------------++-------
  Melee: Hand axe          ||    61
         Headbutt          ||    12
         Punch             ||     1
 Invoke: Berserk           ||     1
 Armour: Animal skin       ||     9
  Dodge: Dodged            ||    37
